 Dungeon Crawl Stone Soup version 0.28-a0-1594-ga885d4b3d6 (webtiles) character file.

Game seed: 15487594231984397362

5151 issech the Slasher (level 10, -22/96 HPs)
             Began as a Troll Fighter on Jan 20, 2022.
             Was a Believer of Nemelex Xobeh.
             Annihilated by a white ugly thing (28 damage)
             ... on level 8 of the Dungeon.
             The game lasted 00:41:10 (7607 turns).

issech the Slasher (Troll Fighter)                  Turns: 7607, Time: 00:41:10

Health: -22/96     AC: 12    Str: 38    XL:     10   Next: 33%
Magic:  9/9        EV: 11    Int:  6    God:    Nemelex Xobeh [**....]
Gold:   619        SH:  9    Dex: 15    Spells: 9/9 levels left

rFire   . . .      SeeInvis +   r - +9 falchion "Modiunly" {venom, rC- Will+ Dex+2}
rCold   x . .      Faith    .   c - +0 kite shield
rNeg    . . .      Spirit   .   y - +2 troll leather armour {Pargi}
rPois   .          Reflect  .   v - +3 crown of Dyrovepreva {rElec Int+2 SInv}
rElec   +          Harm     .   j - +0 cloak
rCorr   .          Rampage  .   (gloves unavailable)
Will    +....                   (boots unavailable)
Stlth   ++........              (no amulet)
HPRegen 1.86/turn               n - +6 ring of strength
MPRegen 0.11/turn               I - +6 ring of strength

@: no status effects
A: large, unfitting armour, claws 3, regeneration 1, shaggy fur 1, tough skin 1
a: Renounce Religion, Draw Escape, Draw Destruction, Draw Summoning


You were on level 8 of the Dungeon.
You worshipped Nemelex Xobeh.
Nemelex Xobeh was pleased with you.
You visited 2 branches of the dungeon, and saw 9 of its levels.
You also visited: Sewer and Ossuary.

You collected 619 gold pieces.

Inventory:

Hand Weapons
 i - a +0 dagger of draining
 o - a +0 dagger of holy wrath
 r - the +9 falchion "Modiunly" (weapon) {venom, rC- Will+ Dex+2}
   (You found it on level 2 of the Dungeon)

   It poisons the flesh of those it strikes.
   Dex:       It affects your dexterity (+2).
   rC:        It makes you vulnerable to cold.
   Will:      It increases your willpower.
 s - a +0 mace of protection
 u - a +2 quarterstaff of chaos
 C - a +0 hand crossbow
 D - the +7 hand axe of Conversion {vamp, +Blink rElec rPois rCorr}
   (You found it on level 4 of the Dungeon)

   It occasionally heals its wielder for a portion of the damage dealt when it
   wounds a living foe.
   rElec:     It insulates you from electricity.
   rPois:     It protects you from poison.
   +Blink:    It lets you blink.
   rCorr:     It protects you from acid and corrosion.
 L - a +0 shortbow
 N - a +1 dagger of venom
 O - a +2 dire flail of protection
Missiles
 h - 106 stones
 k - 11 javelins (quivered)
 p - 5 poisoned darts
 q - 53 bolts
 M - 189 arrows
 X - 10 sling bullets
Armour
 b - +0 steam dragon scales
 c - a +0 kite shield (worn)
 j - a +0 cloak (worn)
 v - the +3 crown of Dyrovepreva (worn) {rElec Int+2 SInv}
   (You acquired it in an ossuary)

   Int:       It affects your intelligence (+2).
   rElec:     It insulates you from electricity.
   SInv:      It lets you see invisible.
 y - a +2 troll leather armour (worn) {Pargi}
Magical Staves
 m - a staff of poison
 W - a staff of air
Jewellery
 n - a +6 ring of strength (left claw)
 I - a +6 ring of strength (right claw)
 P - a +6 ring of intelligence
Wands
 g - a wand of iceblast (10)
 E - a wand of flame (25)
 G - a wand of polymorph (29)
 T - a wand of digging (7)
Scrolls
 f - 4 scrolls of teleportation
 K - 2 scrolls of torment
 Q - 6 scrolls of vulnerability
 R - 2 scrolls of silence {unknown}
 S - a scroll of identify
 U - a scroll of noise
 V - a scroll of fog {unknown}
Potions
 a - 3 potions of flight
 d - 3 potions of might
 e - 2 potions of lignification
 l - 5 potions of curing
 t - 3 potions of mutation {unknown}
 w - 2 potions of invisibility
 x - a potion of resistance
 z - a potion of magic {unknown}
 A - 2 potions of cancellation
 B - 6 potions of heal wounds
 F - 2 potions of degeneration {unknown}
 H - 3 potions of brilliance
 J - 2 potions of ambrosia {unknown}


   Skills:
 + Level 5.3 Fighting
 + Level 7.5 Long Blades
 + Level 2.8 Maces & Flails
 + Level 0.5 Throwing
 + Level 4.0 Armour
 + Level 5.6 Dodging
 + Level 1.7 Stealth
 + Level 5.8 Shields


You had 9 spell levels left.
You didn't know any spells.
Your spell library contained the following spells:

 Spells                   Type           Power      Damage    Failure   Level
 Sandblast                Erth           0%         2d4       75%         1
 Passwall                 Tmut/Erth      0%         N/A       87%         2
 Ozocubu's Armour         Ice            0%         N/A       98%         3
 Stone Arrow              Conj/Erth      0%         3d7       98%         3
 Ozocubu's Refrigeration  Ice            0%         4d5       100%        7


Dungeon Overview and Level Annotations

Branches:
Dungeon (8/15)             Temple (1/1) D:5           Sewer (visited)
Ossuary (visited)
   Lair: D:8-11

Altars:
Ashenzari
Cheibriados
Dithmenos
Elyvilon
Fedhas
Gozag
Hepliaklqana
Kikubaaqudgha
Nemelex Xobeh
Okawaru
Ru
Sif Muna
Trog
Uskayaw
Vehumet
Wu Jian
Xom
Yredelemnul
Zin
The Shining One

Shops:
D:2 (   D:3 (   D:7 [


Innate Abilities, Weirdness & Mutations

You are too large for most types of armour.
You have claws for hands.
Your natural rate of healing is unusually fast.
You are covered in fur. (AC +1)
You have tough skin. (AC +1)


Message History

You block the two-headed ogre's attack.
The two-headed ogre hits you with a +0 giant club!!
You completely miss the two-headed ogre.
The two-headed ogre is almost dead.
You kill the two-headed ogre!
Your Armour skill increases to level 4!
Things that are here:
a +0 giant club; a +0 giant club; a two-headed ogre corpse
There is an escape hatch in the ceiling here.
An orc comes into view.
It is wielding a +2 flail of holy wrath.
The orc shouts!
You hear a horrible gurgling sound!
An orc comes into view. It is wielding a +0 dagger.
You hear an angry hiss.
You hear a shout! x2
A white ugly thing comes into view.
The white ugly thing gurgles horribly!
You hear an angry buzzing noise. x3
An orc comes into view. It is wielding a +0 short sword.
The white ugly thing pecks you but does no damage.
The white ugly thing pecks you but does no damage.
You slash the white ugly thing!
The white ugly thing is poisoned.
The white ugly thing is lightly wounded.
The white ugly thing pecks you! The white ugly thing freezes you!!!
You feel a terrible chill!
You slash the white ugly thing!
The white ugly thing looks as sick as possible!
The white ugly thing is moderately wounded.
You block the white ugly thing's attack.
You slash the white ugly thing!
The white ugly thing is moderately wounded.
The white ugly thing pecks you. The white ugly thing freezes you!!!
You feel a terrible chill!
* * * LOW HITPOINT WARNING * * *
You block the orc's attack.
You slash the orc!
You kill the orc!
The white ugly thing pecks you but does no damage.
The white ugly thing pecks you!
* * * LOW HITPOINT WARNING * * *
The white ugly thing freezes you!!
You feel a terrible chill!
You die...
Your body glows slightly and disappears.

#.###...# #<#
.......)# #.#
#.####..# #.#
... ..... #.# .
###...# #.# .
#...##########.#
.
...............#
##..........####
##########@#
#u### #o..##
##.#..# .
##)..#.# #
#..♣.....♣
#...♣♣...♣♣
#....♣ ♣.♣♣
#.♣♣♣. .♣


You could see a white ugly thing (very poisoned) and an orc.

Vanquished Creatures
  2 two-headed ogres
  Maggie (D:6)
  A polar bear (D:8)
  Grinder (D:3)
  Menkaure (Ossuary)
  Edmund (D:6)
  A water moccasin (D:4)
  Pargi (Sewer)
  2 orc warriors
  4 ice beasts
  A sky beast (D:7)
  2 ogres
  7 centaurs
  2 bullfrogs (D:7)
  2 scorpions
  5 howler monkeys
  2 electric eels (D:8)
  A centaur zombie (D:6)
  3 bullfrog skeletons
  2 hounds
  3 orc priests
  A jelly (D:7)
  Crazy Yiuf (D:2)
  A centaur skeleton (D:6)
  An iguana (D:5)
  10 orc wizards
  A centaur simulacrum (D:8)
  A hound zombie (D:3)
  A killer bee simulacrum (D:8)
  4 mummies
  5 adders
  A shadow imp (D:6)
  3 white imps
  4 ufetubi
  4 worms
  2 dart slugs
  26 orcs
  10 ball pythons
  9 endoplasms
  4 giant cockroaches
  5 gnoll zombies (Ossuary)
  5 goblins
  4 hobgoblins
  12 jackals
  8 kobolds
  8 quokkas
  10 bats
  7 frilled lizards
  2 gnoll skeletons (Ossuary)
  6 goblin skeletons (Ossuary)
  2 goblin zombies (Ossuary)
  2 hobgoblin skeletons (Ossuary)
  3 hobgoblin zombies (Ossuary)
  5 kobold skeletons (Ossuary)
  7 kobold zombies (Ossuary)
  4 orc skeletons (Ossuary)
  7 orc zombies
  8 rats
  6 rat skeletons (Ossuary)
  3 rat zombies (Ossuary)
  A spectral goblin (D:2)
249 creatures vanquished.

Vanquished Creatures (others)
  3 plants (D:8)
3 creatures vanquished.

Grand Total: 252 creatures vanquished

Notes
Turn   | Place    | Note
-------+----------+-------------------------------------------
     0 | D:1      | issech the Troll Fighter began the quest for the Orb.
     0 | D:1      | Reached XP level 1. HP: 22/22 MP: 0/0
    74 | D:1      | Reached XP level 2. HP: 29/29 MP: 1/1
   630 | D:1      | Reached XP level 3. HP: 36/36 MP: 2/2
   989 | D:2      | Found a faded altar of an unknown god.
  1117 | D:2      | Reached XP level 4. HP: 35/44 MP: 3/3
  1229 | D:2      | Identified the +9 falchion "Modiunly" {venom, rC- Will+
                  | Dex+2}
  1236 | D:2      | Found Ittap's Antique Weapon Shoppe.
  1635 | D:2      | Found a runed translucent door.
  1636 | D:2      | Noticed Crazy Yiuf
  1808 | D:2      | Killed Crazy Yiuf
  2046 | D:3      | Found a glowing drain.
  2052 | D:3      | Reached XP level 5. HP: 52/52 MP: 4/4
  2058 | Sewer    | Entered a sewer
  2145 | Sewer    | Noticed Pargi
  2162 | Sewer    | Killed Pargi
  2163 | Sewer    | Reached skill level 1 in Long Blades
  2305 | D:3      | Noticed an ogre
  2309 | D:3      | Killed an ogre
  2310 | D:3      | Reached XP level 6. HP: 30/61 MP: 5/5
  2398 | D:3      | Found Paenaq's Antique Weapon Shop.
  2403 | D:3      | Noticed Grinder
  2430 | D:3      | Killed Grinder
  2431 | D:3      | Reached skill level 2 in Long Blades
  2431 | D:3      | Reached XP level 7. HP: 67/67 MP: 6/6
  2673 | D:3      | Found a glowing golden altar of the Shining One.
  2673 | D:3      | Found a glowing silver altar of Zin.
  2673 | D:3      | Found a white marble altar of Elyvilon.
  2835 | D:3      | Found a blossoming altar of Fedhas.
  2935 | D:3      | Found a hide-covered altar of Uskayaw.
  3063 | D:3      | Found a sparkling altar of Nemelex Xobeh.
  3073 | D:3      | Became a worshipper of Nemelex Xobeh the Trickster
  3267 | D:4      | Identified the +7 hand axe of Conversion {vamp, +Blink
                  | rElec rPois rCorr}
  3412 | D:4      | Noticed a two-headed ogre
  3420 | D:4      | Reached skill level 3 in Long Blades
  3420 | D:4      | Reached skill level 1 in Armour
  3507 | D:4      | Killed a two-headed ogre
  3508 | D:4      | Reached skill level 4 in Long Blades
  3508 | D:4      | Reached XP level 8. HP: 58/78 MP: 7/7
  3939 | D:5      | Entered Level 5 of the Dungeon
  3993 | D:5      | Reached * piety under Nemelex Xobeh
  4036 | D:5      | Found a broken altar of Ashenzari.
  4063 | D:5      | Found a staircase to the Ecumenical Temple.
  4132 | D:5      | Received a gift from Nemelex Xobeh
  4149 | Temple   | Entered the Ecumenical Temple
  4737 | D:5      | Reached skill level 1 in Stealth
  4739 | D:5      | Reached skill level 5 in Long Blades
  5054 | D:6      | Noticed Maggie
  5069 | D:6      | Reached XP level 9. HP: 64/85 MP: 8/8
  5073 | D:6      | Killed Maggie
  5215 | D:6      | Reached skill level 5 in Dodging
  5272 | D:6      | Found a sand-covered staircase.
  5277 | Ossuary  | Entered an ossuary
  5280 | Ossuary  | Reached ** piety under Nemelex Xobeh
  5560 | Ossuary  | Noticed Menkaure
  5572 | Ossuary  | Killed Menkaure
  5573 | Ossuary  | Reached skill level 6 in Long Blades
  5758 | Ossuary  | Identified a scroll of acquirement
  5758 | Ossuary  | Acquired the +3 crown of Dyrovepreva {rElec Int+2 SInv}
  5758 | Ossuary  | Found the +3 crown of Dyrovepreva {rElec Int+2 SInv}
  5796 | D:6      | Received a gift from Nemelex Xobeh
  5961 | D:6      | Noticed Edmund
  5963 | D:6      | Found an opulent altar of Gozag.
  5984 | D:6      | Killed Edmund
  6235 | D:7      | Reached skill level 5 in Fighting
  6235 | D:7      | Reached skill level 5 in Shields
  6281 | D:7      | Found Tuskeiti's Armour Emporium.
  6457 | D:7      | Reached skill level 7 in Long Blades
  6551 | D:7      | Found an iron altar of Okawaru.
  7120 | D:8      | Reached XP level 10. HP: 96/96 MP: 9/9
  7251 | D:8      | Found an ornate altar of the Wu Jian Council.
  7552 | D:8      | Noticed a two-headed ogre
  7568 | D:8      | Killed a two-headed ogre
  7596 | D:8      | Noticed a white ugly thing
  7601 | D:8      | HP: 4/96 [white ugly thing (40)]
  7607 | D:8      | Annihilated by a white ugly thing

Illustrated notes

Levels and vault maps discovered:
D:1:      dpeg_arrival_fog, layout_rooms, hangedman_abyss_or_decor_lesser_grid,
          minmay_surrounded
D:2:      layout_basic, serial_shops, nicolae_shop_statue_plus,
          dreamdust_ecumenical_altar_drowned_temple, uniq_crazy_yiuf_cottage
D:3:      layout_basic, good_gods_mini_temple, nemelex_dance_club_becter,
          eat_drink_and_be_merry_uskayaw, marbit_many_paths,
          portal_sewer_entry_f, serial_shops, shop, kennysheep_small_spiral,
          mrwooster_statue_mirror, hex_medium, minmay_three_crescents,
          uniq_grinder
D:4:      minmay_inner_zag, layout_basic, kennysheep_generic_room_5
D:5:      layout_basic, mainiacjoe_overflow_chevrons,
          minmay_temple_entry_mini_moons
D:6:      layout_rooms, grunt_gozag_breadcrumbs, nicolae_ossuary_entry_giza,
          chequers_garden, uniq_maggie, uniq_edmund
D:7:      layout_loops_cross, mainiacjoe_overflow_paths, nicolae_take_the_stairs
D:8:      layout_loops_ring, pdpol_wu_jian_five_deadly_venoms, serial_ice,
          serial_ice_e, serial_ice_h, serial_ice_l, serial_ice_d,
          serial_bayou_pond_b, kb_rosetta
Temple:   eino_wide_crystal_templ

Skill      XL: |  1  2  3  4  5  6  7  8  9 10 |
---------------+-------------------------------+-----
Maces & Flails | 2 |  2.8
Dodging        | 3 4 5 |  5.6
Shields        | 3 4 5 |  5.8
Fighting       | 3 4 5 |  5.3
Long Blades    | 1 2 4 5 7 |  7.5
Armour         | 2 3 4 |  4.0
Stealth        | 1 |  1.7
Throwing       | |  0.5

Action                   |  1- 3 |  4- 6 |  7- 9 | 10-12 || total
-------------------------+-------+-------+-------+-------++-------
Melee: Flail             |    13 |       |       |       ||    13
       Whip              |   185 |    21 |       |       ||   206
       Falchion          |       |    77 |   337 |    46 ||   460
Throw: Stone             |       |       |     3 |       ||     3
       Boomerang         |       |       |     2 |       ||     2
  Use: Scroll            |       |     6 |    12 |       ||    18
       Potion            |       |       |       |     1 ||     1
 Stab: Sleeping          |     1 |       |     3 |       ||     4
Armor: Robe              |   104 |    48 |       |       ||   152
       Troll leather arm |       |     2 |   139 |    33 ||   174
Dodge: Dodged            |   116 |    62 |   123 |    28 ||   329
Block: Kite shield       |   109 |    63 |   140 |    40 ||   352

Table legend: (Time is in decaauts)
 A = Elapsed time spent in this place.
 B = Non-inter-level travel time spent in this place.
 C = Inter-level travel time spent in this place.
 D = Time resting spent in this place.
 E = Time spent auto-exploring this place.
 F = Levels seen in this place.
 G = Mean time per level.
                   A        B        C        D        E       F      G
               +--------+--------+--------+--------+--------+-----+--------+
         Total |   7791 |   7634 |    157 |    171 |   3393 |  11 |  708.3 |
       Dungeon |   6990 |   6833 |    157 |     71 |   3276 |   8 |  873.8 |
        Temple |     58 |     58 |      0 |      0 |     37 |   1 |   58.0 |
         Sewer |    234 |    234 |      0 |      0 |     79 |   1 |  234.0 |
       Ossuary |    507 |    507 |      0 |    100 |      0 |   1 |  507.0 |
               +--------+--------+--------+--------+--------+-----+--------+

Top non-repeatable levels by time:
     D:3: 1251 daAuts
     D:2: 1198 daAuts
     D:5: 970 daAuts
     D:7: 784 daAuts
     D:1: 737 daAuts
     D:6: 732 daAuts
     D:8: 660 daAuts
     D:4: 654 daAuts
 Ossuary: 507 daAuts
   Sewer: 234 daAuts
  Temple: 58 daAuts
